 Dungeon Crawl Stone Soup version 0.18.1-50-g88ac8fd (webtiles) character file.

6230 Fiskpinne the Arsonist (level 10, -2/80 HPs)
             Began as a Grey Draconian Fire Elementalist on Oct 28, 2016.
             Was a Believer of Vehumet.
             Killed from afar by an electric eel (14 damage)
             ... with a bolt of electricity
             ... on level 10 of the Dungeon.
             The game lasted 00:42:19 (12141 turns).

Fiskpinne the Arsonist (DrFE)                      Turns: 12141, Time: 00:42:19

Health: -2/80      AC: 15    Str: 11    XL:     10   Next: 61%
Magic:  11/13      EV: 13    Int: 19    God:    Vehumet [**....]
Gold:   373        SH:  4    Dex: 11    Spells: 4 memorised, 3 levels left

rFire  . . .     SeeInvis .     F - staff of energy
rCold  . . .     Gourm    .     (armour unavailable)
rNeg   . . .     Faith    .     (no shield)
rPois  .         Spirit   .     (helmet restricted)
rElec  .         Dismiss  .     (no cloak)
rCorr  .         Reflect  +     w - +2 pair of gloves
SustAt .         Harm     .     (no boots)
MR     +....                    p - +4 amulet of reflection
Stlth  +.........               h - +2 ring of slaying
                                f - ring of protection from magic

@: somewhat resistant to hostile enchantments, very unstealthy
A: walk through water, unfitting armour, claws 1, hooves 1, unbreathing,
cold-blooded, AC +12
a: Renounce Religion


You were on level 10 of the Dungeon.
You worshipped Vehumet.
Vehumet was pleased with you.
You were full.

You visited 2 branches of the dungeon, and saw 11 of its levels.

You collected 673 gold pieces.
You spent 300 gold pieces at shops.

Inventory:

Hand Weapons
 j - a +1 hunting sling of flaming
 y - the +5 quarterstaff of Nucoecio {crush, rC+}
   (You found it on level 5 of the Dungeon)

   It inflicts extra damage upon your enemies.
   It protects you from cold.
Missiles
 i - 340 stones (quivered)
Armour
 w - a +2 pair of gloves (worn)
Magical Staves
 F - an uncursed staff of energy (weapon)
 J - an uncursed staff of air
Rods
 u - a -2 rod of ignition (9/9)
   (You found it on level 8 of the Dungeon)
Jewellery
 f - a ring of protection from magic (left hand)
 h - a +2 ring of slaying (right hand)
 p - a +4 amulet of reflection (around neck)
 H - an uncursed ring of magical power
 K - a cursed -2 ring of strength {unknown}
Wands
 O - a wand of acid (5/15)
Scrolls
 b - a scroll of enchant armour {unknown}
 g - 3 scrolls of identify
 k - a scroll of enchant weapon
 l - 3 scrolls of remove curse
 s - a scroll of fog {unknown}
 t - 4 scrolls of amnesia
 v - 2 scrolls of teleportation
 x - 2 scrolls of recharging {unknown}
 D - 2 scrolls of magic mapping {unknown}
Potions
 c - 4 potions of agility
 d - 2 potions of cancellation
 e - 2 potions of haste
 m - 3 potions of berserk rage
 z - 2 potions of curing
 A - a potion of ambrosia {unknown}
 B - a potion of heal wounds {unknown}
 C - 2 potions of invisibility
 E - a potion of might
 I - a potion of magic {unknown}
 P - a potion of degeneration {unknown}
Books
 a - a book of Flames

   Spells                             Type                      Level
   a - Flame Tongue                   Conjuration/Fire             1
   b - Throw Flame                    Conjuration/Fire             2
   c - Conjure Flame                  Conjuration/Fire             3
   d - Inner Flame                    Hexes/Fire                   3
   e - Sticky Flame                   Conjuration/Fire             4
   f - Fireball                       Conjuration/Fire             5
 o - a book of Maledictions

   Spells                             Type                      Level
   a - Corona                         Hexes                        1
   b - Ensorcelled Hibernation        Hexes/Ice                    2
   c - Confuse                        Hexes                        3
   d - Tukima's Dance                 Hexes                        3
   e - Dazzling Spray                 Conjuration/Hexes            3
 L - the Volume of the Assistive Mountains
   (You found it on level 10 of the Dungeon)

   Spells                             Type                      Level
   a - Passwall                       Transmutation/Earth          2
   b - Deflect Missiles               Charms/Air                   6
   c - Ring of Flames                 Charms/Fire                  7
Miscellaneous
 N - a stone of tremors
Comestibles
 r - 6 bread rations
 G - 2 royal jellies
 M - a beef jerky


   Skills:
 + Level 4.6 Fighting
   Level 2.2 Short Blades
 - Level 3.3 Staves
 + Level 4.3 Dodging
 - Level 1.7 Stealth
 - Level 2.0 Spellcasting
 * Level 10.2 Conjurations
 * Level 10.4 Fire Magic


You had 3 spell levels left.
You knew the following spells:

 Your Spells              Type           Power        Failure   Level  Hunger
a - Flame Tongue          Conj/Fire      #####        1%          1    None
b - Throw Flame           Conj/Fire      #####.       1%          2    None
c - Inner Flame           Hex/Fire       ###.....     8%          3    None
d - Sticky Flame          Conj/Fire      #####...     2%          4    None


Dungeon Overview and Level Annotations

Branches:
Dungeon (10/15)            Temple (1/1) D:7
   Lair: D:8-11         Orc: D:9-12

Altars:
Ashenzari
Cheibriados
Dithmenos
Elyvilon
Fedhas
Gozag
Kikubaaqudgha
Makhleb
Nemelex Xobeh
Okawaru
Pakellas
Qazlal
Ru
Sif Muna
Trog
Vehumet
Xom
Yredelemnul
Zin
The Shining One
Beogh

Shops:
D:8 =


Innate Abilities, Weirdness & Mutations

You can walk through water.
Your dull iron-grey scales are very hard (AC +12).
Your body does not fit into most forms of armour.
You can survive without breathing.
You are cold-blooded and may be slowed by cold attacks.
You have sharp fingernails.
You have large cloven feet.


Message History

The flame tongue hits the electric eel.
The electric eel is almost dead.
The electric eel is engulfed in a cloud of scalding steam.
You kill the electric eel!
Vehumet accepts your kill.
You feel your power returning.
You hear a splash.
The electric eel shoots out a bolt of lightning at you!
The bolt of electricity misses you.
Casting: Flame Tongue
Confirm with . or Enter, or press ? or * to list all spells.
Aiming: Flame Tongue
Press: ? - help, Shift-Dir - straight line, f - electric eel
Aim: an electric eel The flame tongue hits the electric eel.
The electric eel is moderately wounded.
The electric eel is engulfed in a cloud of scalding steam.
The electric eel shoots out a bolt of lightning at you!
The bolt of electricity hits you!
You die...

#.#.#......#.......#..##
#####...
#.#........'.......#....
.[..#...
#.#........#########..##
#####...
#.#..................##
#...
#....................#
#...
.....................#
#...
.......<.............#
#...
###########..........#
####... # #####
#.....@....# #...... #
#...# #.............
≈≈≈;≈... #####.#.#
#.......≈.†..≈ ≈≈≈≈≈.≈.
..%...#.###.......§..§≈≈
≈≈≈≈≈≈.≈
#####.#.#.........;≈.≈≈≈
≈≈≈≈≈≈≈≈ #
#.#.#.#......≈≈≈≈≈≈≈
≈≈≈≈≈≈≈≈ #
#.#.#.#.....≈≈≈≈≈≈.≈
..≈.≈≈≈≈ #
#.#.#.#.....≈≈≈≈≈≈≈≈
...≈≈≈≈.
#####.#.#.#.........
..≈≈≈≈


You could see an electric eel.

Vanquished Creatures
  A cyclops (D:10)
  A troll (D:10)
  Grinder (D:3)
  Prince Ribbit (D:6)
  Sigmund (D:3)
  A spriggan (D:7)
  A wraith (D:10)
  A yak (D:10)
  A water moccasin (D:10)
  3 sky beasts
  4 ice beasts
  An orc warrior (D:7)
  A black bear (D:9)
  A necrophage (D:8)
  6 ogres
  2 phantoms
  3 wolves (D:10)
  6 giant frogs
  A gnoll sergeant (D:9)
  3 scorpions
  5 killer bees (D:10)
  An electric eel (D:10)
  3 crimson imps
  4 howler monkeys (D:7)
  2 centaur skeletons
  4 hounds
  A giant frog skeleton (D:9)
  4 jellies
  6 orc priests
  2 orc wizards
  3 iguanas
  Natasha (thrice) (D:3)
  7 worker ants
  A hound zombie (D:7)
  A worker ant zombie (D:4)
  14 gnolls
  A howler monkey zombie (D:5)
  11 adders
  4 shadow imps
  An adder zombie (D:7)
  An adder skeleton (D:6)
  5 worms
  A dart slug (D:1)
  8 giant geckos
  15 orcs
  6 bats
  4 giant cockroaches
  10 goblins
  5 hobgoblins
  39 jackals
  5 quokkas
  2 ball pythons
  5 giant newts
  A quokka skeleton (D:5)
  A quokka zombie (D:8)
  11 rats
237 creatures vanquished.

Notes
Turn   | Place    | Note
--------------------------------------------------------------
     0 | D:1      | Fiskpinne the Draconian Fire Elementalist began the quest for the Orb.
     0 | D:1      | Reached XP level 1. HP: 14/14 MP: 3/3
    96 | D:1      | Reached XP level 2. HP: 9/20 MP: 0/5
   900 | D:1      | Reached XP level 3. HP: 23/26 MP: 0/6
  1172 | D:2      | Noticed a moth of wrath
  1175 | D:2      | Found a bloodstained altar of Trog.
  1586 | D:2      | Reached XP level 4. HP: 33/33 MP: 2/7
  1679 | D:2      | Learned a level 2 spell: Throw Flame
  1683 | D:2      | Learned a level 3 spell: Inner Flame
  2071 | D:3      | Noticed Natasha
  2083 | D:3      | Killed Natasha
  2297 | D:3      | Reached XP level 5. HP: 38/38 MP: 4/8
  2568 | D:3      | Noticed Grinder
  2582 | D:3      | Killed Grinder
  2582 | D:3      | Reached skill level 5 in Fire Magic
  2582 | D:3      | Reached XP level 6. HP: 16/45 MP: 1/9
  2878 | D:3      | Noticed Natasha
  2889 | D:3      | Killed Natasha
  3245 | D:3      | Noticed Natasha
  3250 | D:3      | Killed Natasha
  3258 | D:3      | Noticed Sigmund
  3334 | D:3      | HP: 2/45 [Sigmund/magic dart (8)]
  4157 | D:3      | Killed Sigmund
  4157 | D:3      | Reached skill level 1 in Short Blades
  4157 | D:3      | Reached skill level 5 in Conjurations
  4157 | D:3      | Your scales start taking on a dull iron-grey colour.
  4157 | D:3      | Reached XP level 7. HP: 43/50 MP: 5/10
  4157 | D:3      | Gained mutation: You can survive without breathing. [Grey Draconian growth]
  4910 | D:4      | Learned a level 4 spell: Sticky Flame
  4983 | D:5      | Entered Level 5 of the Dungeon
  4985 | D:5      | Got a polished quarterstaff
  4986 | D:5      | Identified the +5 quarterstaff of Nucoecio {crush, rC+} (You found it on level 5 of the Dungeon)
  5280 | D:5      | Found a sparkling altar of Nemelex Xobeh.
  5503 | D:5      | Reached skill level 1 in Staves
  5503 | D:5      | Reached XP level 8. HP: 52/57 MP: 8/11
  5883 | D:6      | Noticed Prince Ribbit
  6179 | D:6      | Gained mutation: You have sharp fingernails. [potion of beneficial mutation]
  6180 | D:6      | Gained mutation: You have large cloven feet. [potion of beneficial mutation]
  6287 | D:6      | Found a shattered altar of Ashenzari.
  6418 | D:6      | Killed Prince Ribbit
  6756 | D:7      | Reached XP level 9. HP: 62/62 MP: 5/12
  6986 | D:7      | Found a staircase to the Ecumenical Temple.
  7176 | Temple   | Entered the Ecumenical Temple
  7453 | Temple   | Became a worshipper of Vehumet
  7804 | D:7      | Found a roughly hewn altar of Beogh.
  7811 | D:7      | Reached skill level 1 in Fighting
  8906 | D:8      | Found Makhloud's Jewellery Shoppe.
  8916 | D:8      | Reached * piety under Vehumet
  8916 | D:8      | Offered knowledge of Magic Dart by Vehumet.
  8996 | D:8      | Bought a +4 amulet of reflection for 300 gold pieces
  9052 | D:8      | Found a shattered altar of Ashenzari.
  9077 | D:8      | Identified a -2 rod of ignition (9/9) (You found it on level 8 of the Dungeon)
  9791 | D:9      | Reached XP level 10. HP: 77/77 MP: 9/13
 10132 | D:9      | Found a stormy altar of Qazlal.
 10150 | D:9      | Found an opulent altar of Gozag.
 10153 | D:9      | Found an ancient bone altar of Kikubaaqudgha.
 10158 | D:9      | Found a basalt altar of Yredelemnul.
 10294 | D:10     | Entered Level 10 of the Dungeon
 10304 | D:10     | Got a distressingly furry cloak
 10310 | D:10     | Identified the +2 cloak of Ikycrokk {-Cast rPois Regen+ Stlth+} (You found it on level 10 of the Dungeon)
 10418 | D:10     | Noticed a cyclops
 10442 | D:10     | Killed a cyclops
 11155 | D:10     | Reached skill level 10 in Fire Magic
 11313 | D:10     | Reached skill level 10 in Conjurations
 11314 | D:10     | Reached ** piety under Vehumet
 11314 | D:10     | Offered knowledge of Shock by Vehumet.
 11333 | D:10     | Identified the Volume of the Assistive Mountains
 12141 | D:10     | Killed from afar by an electric eel

Skill      XL: |  1  2  3  4  5  6  7  8  9 10 |
---------------+-------------------------------+-----
Conjurations   | 2 3 4 5 6 7 9 10 | 10.2
Fire Magic     | 4 5 6 8 9 10 | 10.4
Short Blades   | 1 2 |  2.2
Staves         | 1 3 |  3.3
Dodging        | 3 4 |  4.3
Fighting       | 3 4 |  4.6
Stealth        | |  1.7
Spellcasting   | |  2.0

Action                   |  1- 3 |  4- 6 |  7- 9 | 10-12 || total
-------------------------+-------+-------+-------+-------++-------
Melee: Unarmed           |    75 |       |       |       ||    75
       Tailslap          |     8 |     7 |    22 |     8 ||    45
       Dagger            |       |    99 |    21 |       ||   120
       Quarterstaff      |       |       |    88 |     2 ||    90
       Kick              |       |       |    27 |     6 ||    33
       Staff             |       |       |    95 |    44 ||   139
 Cast: Flame Tongue      |    72 |    57 |   255 |   145 ||   529
       Sticky Flame      |       |       |     1 |       ||     1
       Throw Flame       |       |       |    10 |    15 ||    25
       Inner Flame       |       |       |     1 |       ||     1
  Use: Scroll            |     3 |     3 |    10 |     4 ||    20
       Potion            |       |     2 |     2 |       ||     4
 Stab: Sleeping          |       |       |     2 |       ||     2
  Eat: Chunk             |     4 |     8 |    10 |     4 ||    26
       Bread ration      |       |     1 |       |       ||     1
       Meat ration       |       |       |     1 |     1 ||     2
       Pizza             |       |       |     1 |       ||     1
       Beef jerky        |       |       |     1 |       ||     1
Armor: Skin              |    36 |    33 |   149 |   103 ||   321
Dodge: Dodged            |   100 |   105 |   209 |   144 ||   558
Block: Other             |       |       |    10 |    35 ||    45
